 Dungeon Crawl Stone Soup version 0.29.0-4-gdea44cf6ec (webtiles) character file.

Game seed: 11814937937936971401

909 qw the Grappler (level 8, -6/67 HPs)
             Began as a Ghoul Fire Elementalist on Aug 29, 2022.
             Killed from afar by an orc wizard (8 damage)
             ... with a magic dart
             ... on level 5 of the Dungeon.
             The game lasted 00:04:35 (4599 turns).

qw the Grappler (Ghoul Fire Elementalist)           Turns: 4599, Time: 00:04:35

Health: -6/67      AC: 10    Str: 14    XL:     8   Next: 8%
Magic:  9/9        EV: 13    Int: 10    God:
Gold:   203        SH:  0    Dex:  9    Spells: 9/10 levels left

rFire   . . .      SeeInvis .     - Unarmed
rCold   + . .      Faith    .   (no shield)
rNeg    + + +      Spirit   .   o - +0 scale mail
rPois   inf        Reflect  .   l - +0 helmet
rElec   .          Harm     .   p - +1 cloak
rCorr   .          Rampage  .   (no gloves)
Will    .....                   a - +0 pair of boots
Stlth   ..........              (no amulet)
HPRegen 0.00/turn               c - +4 ring of evasion
MPRegen 0.11/turn               (no ring)

@: inhibited regen
A: claws 1, cold resistance 1, negative energy resistance 3, inhibited
regeneration, torment resistance 2, devour on kill
a: no special abilities


You were on level 5 of the Dungeon.
You visited 1 branch of the dungeon, and saw 5 of its levels.

You collected 203 gold pieces.


Innate Abilities, Weirdness & Mutations

You are immune to poison.
You have sharp fingernails.
Your flesh is cold resistant. (rC+)
You are immune to negative energy. (rN+++)
You do not regenerate when monsters are visible.
You are immune to unholy pain and torment.
You thrive by killing the living.


   Skills:
 - Level 4.5 Fighting
 - Level 1.6 Armour
 - Level 1.7 Dodging
 - Level 2.1 Stealth
 + Level 8.1 Unarmed Combat
 - Level 1.7 Spellcasting
 - Level 0.7 Conjurations
 - Level 2.4 Fire Magic


You had 9 spell levels left.
You knew the following spells:

 Your Spells              Type           Power      Damage    Failure   Level
a - Foxfire               Conj/Fire      16%        2x1d4     56%         1

Your spell library contained the following spells:

 Spells                   Type           Power      Damage    Failure   Level
 Scorch                   Fire           10%        2d5       58%         2
 Conjure Flame            Conj/Fire      4%         6-21      91%         3
 Inner Flame              Hex/Fire       3%         N/A       94%         3
 Flame Wave               Conj/Fire      4%         2d5       100%        4

Inventory:

Armour
 a - a +0 pair of boots (worn)
 l - a +0 helmet (worn)
 o - a +0 scale mail (worn)
 p - a +1 cloak (worn)
Jewellery
 c - a +4 ring of evasion (left claw)
Scrolls
 m - a scroll of identify
Potions
 d - a potion of ambrosia {unknown}
 e - a potion of attraction {unknown}
 h - 3 potions of might
 i - 2 potions of haste
 j - a potion of mutation {unknown}
 k - a potion of flight {unknown}
 n - a potion of curing
 q - a potion of berserk rage {unknown}

Dungeon Overview and Level Annotations

Branches:
Dungeon (5/15)
 Temple: D:4-7

Altars:
Ashenzari
Ru

Annotations:
D:5 Menkaure


Message History

4591 ||| READING 2 scrolls of teleportation.
As you read the scroll of teleportation, it crumbles to dust.
You feel strangely unstable. The yak gores you!
You scratch the yak.
The yak is severely wounded.
The yak gores you but does no damage.
You claw the yak!
You kill the yak!
Your Fighting skill increases to level 4!
You have reached level 8!
You start resting.
Your surroundings suddenly seem different.
Menkaure and an orc come into view.
Found 17 gold pieces.
Menkaure shouts!
The orc shouts!
Menkaure sighs, "Let me perform the rites..."
4595 ||| READING scroll of teleportation.
As you read the scroll of teleportation, it crumbles to dust.
You feel strangely unstable.
An orc comes into view. It is wielding a +0 flail.
An orc comes into view. It is wielding a +0 short sword.
The orc shouts!
You hear a shout!
You claw Menkaure!
Menkaure is moderately damaged.
Menkaure misses you.
You claw Menkaure!
Menkaure is severely damaged.
Menkaure barely misses you.
You scratch Menkaure.
Menkaure is severely damaged.
Your surroundings suddenly seem different.
An ogre, 3 orcs, a black bear and an iguana come into view.
Found a scroll labelled RUNIOL DA PEOPRASCH and a ring mail.
Found a stone staircase leading up.
The ogre shouts!
The orc wizard shouts!
The black bear growls angrily.
The iguana hisses angrily.
The orc wizard casts a spell at you. The magic dart hits you!
You die...

.... .... .....
####....#
###o.....h?
##l..o.....#
...#...........
#...O.@.......
###
###......o....
...
#............ ..
#####..<.......
....#
#........[.
.#.#.##.........
..#.....##..#..
#.......# #....
#.......#


You could see a black bear, an ogre, an iguana, an orc priest, an orc wizard and
an orc.

Vanquished Creatures
  A yak (D:5)
  A centaur (D:5)
  A phantom (D:4)
  2 scorpions (D:4)
  A necrophage (D:4)
  4 hounds (D:4)
  A gnoll bouda (D:5)
  An iguana (D:5)
  An orc wizard (D:3)
  7 gnolls
  7 adders
  A shadow imp (D:5)
  An ufetubus (D:5)
  2 dart slugs
  9 orcs
  6 ball pythons
  6 endoplasms
  5 giant cockroaches
  4 goblins
  10 hobgoblins
  5 jackals
  6 kobolds
  5 quokkas
  5 bats
  3 frilled lizards
  9 rats
104 creatures vanquished.

Notes
Turn   | Place    | Note
-------+----------+-------------------------------------------
     0 | D:1      | qw the Ghoul Fire Elementalist began the quest for the Orb.
     0 | D:1      | Reached XP level 1. HP: 14/14 MP: 2/2
     0 | D:1      | 0 ||| qw: Version: 0.1-a-90-g952f4b7
     0 | D:1      | 0 ||| qw: Game counter: 3800
     0 | D:1      | 0 ||| qw: Always use a shield: true
     0 | D:1      | 0 ||| qw: God list: Okawaru
     0 | D:1      | 0 ||| qw: Allow faded altars: false
     0 | D:1      | 0 ||| qw: Do Orc after D:15 true
     0 | D:1      | 0 ||| qw: Do second Lair branch before Depths: true
     0 | D:1      | 0 ||| qw: Lair rune preference: random
     0 | D:1      | 0 ||| qw: Plans: Normal
     0 | D:1      | 0 ||| PLANNING D:1-11
   171 | D:1      | 171 ||| Stepping ~*~*~tactically~*~*~ (stealth).
   182 | D:1      | Reached skill level 1 in Unarmed Combat
   200 | D:1      | Reached XP level 2. HP: 12/22 MP: 3/3
   362 | D:1      | Reached skill level 1 in Fighting
   422 | D:1      | 422 ||| Stepping ~*~*~tactically~*~*~ (outnumbered).
   423 | D:1      | 423 ||| Stepping ~*~*~tactically~*~*~ (outnumbered).
   424 | D:1      | 424 ||| Stepping ~*~*~tactically~*~*~ (outnumbered).
   425 | D:1      | 425 ||| Stepping ~*~*~tactically~*~*~ (outnumbered).
   669 | D:1      | Reached skill level 2 in Unarmed Combat
   734 | D:1      | 734 ||| Stepping ~*~*~tactically~*~*~ (stealth).
   735 | D:1      | 735 ||| Stepping ~*~*~tactically~*~*~ (stealth).
   736 | D:1      | 736 ||| Stepping ~*~*~tactically~*~*~ (stealth).
  1003 | D:1      | 1003 ||| Stepping ~*~*~tactically~*~*~ (stealth).
  1004 | D:1      | 1004 ||| Stepping ~*~*~tactically~*~*~ (stealth).
  1008 | D:1      | 1008 ||| Stepping ~*~*~tactically~*~*~ (stealth).
  1009 | D:1      | 1009 ||| Stepping ~*~*~tactically~*~*~ (stealth).
  1011 | D:1      | 1011 ||| Stepping ~*~*~tactically~*~*~ (stealth).
  1021 | D:1      | Reached XP level 3. HP: 28/28 MP: 4/4
  1040 | D:1      | 1040 ||| Stepping ~*~*~tactically~*~*~ (stealth).
  1044 | D:1      | 1044 ||| Stepping ~*~*~tactically~*~*~ (stealth).
  1246 | D:1      | 1246 ||| Stepping ~*~*~tactically~*~*~ (hiding).
  1348 | D:1      | 1348 ||| Stepping ~*~*~tactically~*~*~ (hiding).
  1450 | D:1      | 1450 ||| Stepping ~*~*~tactically~*~*~ (hiding).
  1524 | D:1      | 1524 ||| UPGRADING to +0 ring mail.
  1534 | D:1      | 1534 ||| DROPPING +0 robe.
  1535 | D:1      | 1535 ||| UPGRADING to +0 helmet.
  1540 | D:1      | 1540 ||| UPGRADING to +4 ring of evasion.
  1541 | D:1      | 1541 ||| READING scroll labelled FUHIETR AGIRPH.
  1542 | D:1      | 1542 ||| READING scroll labelled LEISOA LASAK.
  1543 | D:1      | 1543 ||| READING scroll labelled HUTEOR SINU.
  1544 | D:1      | 1544 ||| READING scroll labelled BIOGUM LURCH.
  1545 | D:1      | 1545 ||| READING scroll labelled YMOROF TOUJ.
  1546 | D:1      | 1546 ||| DROPPING potion of magic.
  1644 | D:2      | Reached skill level 3 in Unarmed Combat
  1892 | D:2      | Reached XP level 4. HP: 35/35 MP: 5/5
  2096 | D:2      | Reached skill level 4 in Unarmed Combat
  2342 | D:2      | 2342 ||| UPGRADING to +0 pair of boots.
  2347 | D:2      | 2347 ||| READING 4 scrolls labelled YLEEZI GASOUD.
  2351 | D:2      | 2351 ||| READING scroll labelled ATUSKI AFUC.
  2352 | D:2      | 2352 ||| DRINKING 3 lumpy emerald potions.
  2353 | D:2      | 2353 ||| DRINKING 3 silvery potions.
  2442 | D:3      | 2442 ||| Stepping ~*~*~tactically~*~*~ (stealth).
  2888 | D:3      | Found a broken altar of Ashenzari.
  2913 | D:3      | 2913 ||| Stepping ~*~*~tactically~*~*~ (hiding).
  2919 | D:3      | 2919 ||| Stepping ~*~*~tactically~*~*~ (stealth).
  2935 | D:3      | Reached XP level 5. HP: 11/41 MP: 6/6
  3235 | D:3      | 3235 ||| Stepping ~*~*~tactically~*~*~ (stealth).
  3236 | D:3      | 3236 ||| Stepping ~*~*~tactically~*~*~ (stealth).
  3445 | D:3      | 3445 ||| READING scroll labelled RIGUTIT TIEH.
  3446 | D:3      | 3446 ||| READING 3 scrolls labelled COIWOV IWKIESE.
  3447 | D:3      | 3447 ||| READING scroll labelled ETOPOCK CAHAE.
  3448 | D:3      | 3448 ||| DRINKING 2 orange potions.
  3449 | D:3      | 3449 ||| DRINKING 2 golden potions.
  3450 | D:3      | 3450 ||| DROPPING 2 scrolls of poison.
  3527 | D:4      | Reached skill level 5 in Unarmed Combat
  3549 | D:4      | Reached XP level 6. HP: 48/48 MP: 7/7
  3570 | D:4      | 3570 ||| Stepping ~*~*~tactically~*~*~ (outnumbered).
  3573 | D:4      | 3573 ||| Stepping ~*~*~tactically~*~*~ (outnumbered).
  3574 | D:4      | 3574 ||| Stepping ~*~*~tactically~*~*~ (hiding).
  3590 | D:4      | 3590 ||| Stepping ~*~*~tactically~*~*~ (outnumbered).
  3594 | D:4      | Reached skill level 6 in Unarmed Combat
  3597 | D:4      | HP: 9/48 [gnoll/+0 spear (8)]
  3598 | D:4      | 3598 ||| READING 4 scrolls of teleportation.
  3598 | D:4      | HP: 3/48 [gnoll/+0 spear (4)]
  3599 | D:4      | 3599 ||| DRINKING 2 potions of heal wounds.
  3666 | D:4      | 3666 ||| Stepping ~*~*~tactically~*~*~ (stealth).
  3674 | D:4      | Reached skill level 3 in Fighting
  3841 | D:4      | Reached skill level 1 in Armour
  3858 | D:4      | Reached XP level 7. HP: 50/57 MP: 8/8
  3928 | D:4      | 3928 ||| Stepping ~*~*~tactically~*~*~ (stealth).
  4152 | D:4      | Reached skill level 7 in Unarmed Combat
  4242 | D:4      | Found a sacrificial altar of Ru.
  4294 | D:4      | 4294 ||| UPGRADING to +0 scale mail.
  4304 | D:4      | 4304 ||| DROPPING +0 ring mail.
  4305 | D:4      | 4305 ||| UPGRADING to +1 cloak.
  4325 | D:5      | Entered Level 5 of the Dungeon
  4326 | D:5      | 4326 ||| STAIRDANCE
  4331 | D:5      | 4331 ||| STAIRDANCE
  4350 | D:5      | 4350 ||| STAIRDANCE
  4480 | D:5      | 4480 ||| FLEEEEING.
  4481 | D:5      | 4481 ||| FLEEEEING.
  4482 | D:5      | 4482 ||| STAIRDANCE
  4517 | D:5      | 4517 ||| STAIRDANCE
  4554 | D:5      | 4554 ||| Stepping ~*~*~tactically~*~*~ (outnumbered).
  4555 | D:5      | 4555 ||| Stepping ~*~*~tactically~*~*~ (outnumbered).
  4556 | D:5      | 4556 ||| Stepping ~*~*~tactically~*~*~ (outnumbered).
  4558 | D:5      | 4558 ||| Stepping ~*~*~tactically~*~*~ (outnumbered).
  4569 | D:5      | 4569 ||| Stepping ~*~*~tactically~*~*~ (outnumbered).
  4573 | D:5      | Reached skill level 8 in Unarmed Combat
  4579 | D:5      | HP: 7/57 [gnoll/+0 halberd of protection[a gnoll bouda]
                  | (10)]
  4580 | D:5      | 4580 ||| READING 3 scrolls of teleportation.
  4581 | D:5      | 4581 ||| DRINKING potion of heal wounds.
  4583 | D:5      | Noticed a yak
  4590 | D:5      | HP: 13/57 [yak (8)]
  4591 | D:5      | 4591 ||| READING 2 scrolls of teleportation.
  4591 | D:5      | HP: 2/57 [yak (11)]
  4593 | D:5      | Killed a yak
  4594 | D:5      | Reached XP level 8. HP: 2/67 MP: 9/9
  4594 | D:5      | Noticed Menkaure
  4595 | D:5      | 4595 ||| READING scroll of teleportation.
  4599 | D:5      | Killed from afar by an orc wizard

Levels and vault maps discovered:
D:1:      saegor_arrival_fortress, layout_basic
D:2:      layout_basic
D:3:      layout_basic, nicolae_ashenzari_skybound
D:4:      layout_cave_pools, nicolae_ru_path_of_blood
D:5:      layout_cave_pools, lemuel_coloured_pillars_altar, serial_shops,
          nicolae_shop_crystal, uniq_menkaure

Skill      XL: |  1  2  3  4  5  6  7 |
---------------+----------------------+-----
Unarmed Combat | 1 2 3 4 5 6 8 |  8.1
Fighting       | 1 2 3 4 |  4.5
Armour         | 1 |  1.6
Dodging        | |  1.7
Stealth        | |  2.1
Spellcasting   | |  1.7
Conjurations   | |  0.7
Fire Magic     | |  2.4

Action                   |  1- 3 |  4- 6 |  7- 9 || total
-------------------------+-------+-------+-------++-------
Melee: Unarmed           |   175 |   203 |   101 ||   479
       Punch             |       |     2 |     3 ||     5
Throw: Javelin           |       |     2 |       ||     2
  Use: Scroll            |     5 |     6 |     3 ||    14
       Potion            |       |     5 |     1 ||     6
Armor: Robe              |    22 |       |       ||    22
       Ring mail         |     9 |    40 |     3 ||    52
       Scale mail        |       |       |    41 ||    41
Dodge: Dodged            |    98 |   122 |    68 ||   288

Table legend:
 A = Non-vault XP
 B = Vault XP
 C = Vault XP percentage of total XP
 D = Non-vault monster count
 E = Vault monster count
 F = Vault count percentage of total count
                 A         B        C        D         E       F
            +---------+---------+-------+---------+---------+-------
      Total |    1299 |       0 |   0.0 |     104 |       0 |   0.0
            +---------+---------+-------+---------+---------+-------
        D:1 |      45 |       0 |   0.0 |      25 |       0 |   0.0
        D:2 |      94 |       0 |   0.0 |      23 |       0 |   0.0
        D:3 |      72 |       0 |   0.0 |      19 |       0 |   0.0
        D:4 |     598 |       0 |   0.0 |      25 |       0 |   0.0
        D:5 |     490 |       0 |   0.0 |      12 |       0 |   0.0
            +---------+---------+-------+---------+---------+-------
